 Dungeon Crawl Stone Soup version 0.28-a0-1629-gf728b707aa (webtiles) character file.

Game seed: 15195824050865690006

126 Sweetruy1997 the Chiller (level 5, 0/28 HPs)
             Began as a Gargoyle Ice Elementalist on Jan 24, 2022.
             Slain by a worm (8 damage)
             ... on level 3 of the Dungeon.
             The game lasted 00:05:06 (2085 turns).

Sweetruy1997 the Chiller (GrIE)                     Turns: 2085, Time: 00:05:07

Health: 0/28       AC: 12    Str: 11    XL:     5   Next: 9%
Magic:  0/9        EV: 11    Int: 18    God:
Gold:   116        SH:  0    Dex: 10    Spells: 2/9 levels left

rFire   . . .      SeeInvis .   b - staff of poison
rCold   . . .      Faith    .   (no shield)
rNeg    + . .      Spirit   .   c - +0 leather armour
rPois   ∞          Reflect  .   j - +0 helmet
rElec   +          Harm     .   (no cloak)
rCorr   .          Rampage  .   (no gloves)
Will    .....                   (no boots)
Stlth   ++........              (no amulet)
HPRegen 0.09/turn               (no ring)
MPRegen 0.11/turn               (no ring)

@: ice-armoured
A: sickness immunity, AC +4, negative energy resistance 1, electricity
resistance, torment resistance 1, petrification resistance
a: no special abilities


You were on level 3 of the Dungeon.
You visited 1 branch of the dungeon, and saw 3 of its levels.

You collected 116 gold pieces.

Inventory:

Armour
 c - a +0 leather armour (worn)
 j - a +0 helmet (worn)
Magical Staves
 b - a staff of poison (weapon)
Jewellery
 i - a +6 ring of strength
Scrolls
 a - 2 scrolls of identify {unknown}
 d - a scroll of enchant weapon {unknown}
 e - a scroll of teleportation {unknown}
Potions
 f - a potion of might {unknown}
 g - 3 potions of curing {unknown}
 h - a potion of degeneration {unknown}


   Skills:
 + Level 0.2 Fighting
 + Level 1.6 Armour
 + Level 1.9 Dodging
 + Level 2.3 Stealth
 + Level 2.9 Spellcasting
 + Level 5.1 Ice Magic


You had 2 spell levels left.
You knew the following spells:

 Your Spells              Type           Power      Damage    Failure   Level
a - Freeze                Ice            84%        1d10      2%          1
b - Frozen Ramparts       Ice            42%        1d6       8%          3
c - Ozocubu's Armour      Ice            21%        N/A       8%          3

Your spell library contained the following spells:

 Spells                   Type           Power      Damage    Failure   Level
 Hailstorm                Conj/Ice       11%        3d5       58%         4


Dungeon Overview and Level Annotations

Branches:
Dungeon (3/15)

Altars:


Innate Abilities, Weirdness & Mutations

You are immune to sickness and miasma.
Your stone body is resilient. (AC +4)
You are immune to poison.
You resist negative energy. (rN+)
You are resistant to electric shocks. (rElec)
You are resistant to unholy torment.
You are immune to petrification.


Message History

The worm bites you.
You freeze the worm!
You kill the worm!
The frilled lizard barely misses you. The endoplasm freezes you.
You are frozen.
You freeze the frilled lizard.
You kill the frilled lizard!
The endoplasm freezes you.
You are frozen.
You freeze the endoplasm.
The endoplasm is almost dead.
The endoplasm hits you but does no damage.
You freeze the endoplasm.
You kill the endoplasm!
You are too depleted to draw on your mana recklessly!
You hit the worm.
The worm is moderately wounded.
The worm bites you.
You hit the worm but do no damage.
The worm is moderately wounded.
The worm bites you.
You are too injured to fight recklessly!
You are too injured to fight recklessly!
You are too injured to fight recklessly!
Casting: Freeze (safe; 2% risk of failure)
Confirm with . or Enter, or press ? or * to list all spells.
Aiming: Freeze (safe; 2% risk of failure)
Press: ? - help, Shift-Dir - straight line, f - worm
Aim: a worm (lightly wounded)
You freeze the worm.
The worm is moderately wounded.
You hit the worm.
The worm is moderately wounded.
The worm bites you.
* * * LOW HITPOINT WARNING * * *
You hit the worm but do no damage.
The worm is moderately wounded.
The worm bites you!
You die...

#...... #. #.....# #.
#.....# #. #.....# ### #
#########.....# ##..
..#.....##.....## #..#
##..............#####.##
#.................†.....
#.....†@$.>.......†#####
#......w.........###
#................#
#.......$........#
#................#
##..............##
##.....##.....##
##############


You could see a worm.

Vanquished Creatures
  A scorpion (D:2)
  2 adders (D:2)
  A worm (D:3)
  An orc (D:3)
  3 ball pythons
  6 bats
  6 endoplasms
  4 giant cockroaches
  3 hobgoblins
  3 kobolds (D:1)
  4 frilled lizards
  6 goblins
  6 rats
46 creatures vanquished.

Notes
Turn   | Place    | Note
-------+----------+-------------------------------------------
     0 | D:1      | Sweetruy1997 the Gargoyle Ice Elementalist began the quest
                  | for the Orb.
     0 | D:1      | Reached XP level 1. HP: 10/10 MP: 3/3
   190 | D:1      | Reached XP level 2. HP: 15/15 MP: 0/5
   915 | D:2      | Reached skill level 1 in Armour
   915 | D:2      | Reached XP level 3. HP: 11/19 MP: 1/6
   919 | D:2      | Learned a level 3 spell: Frozen Ramparts
  1423 | D:2      | Noticed a scorpion
  1434 | D:2      | Killed a scorpion
  1435 | D:2      | Reached skill level 5 in Ice Magic
  1435 | D:2      | Reached XP level 4. HP: 17/24 MP: 0/8
  1533 | D:2      | Found a faded altar of an unknown god.
  1534 | D:2      | Upgraded the game from 0.28-a0-1624-g820543e53a to
                  | 0.28-a0-1629-gf728b707aa
  1932 | D:3      | Reached XP level 5. HP: 28/28 MP: 6/9
  1986 | D:3      | Learned a level 3 spell: Ozocubu's Armour
  2085 | D:3      | Slain by a worm

Illustrated notes

Levels and vault maps discovered:
D:1:      elethiomel_arrival_infinity_welcomes_careful_drivers, layout_rooms
D:2:      layout_loops_ring, ebering_ecumenical_altar_hall, st_stairs_5
D:3:      layout_rooms, tgw_trog, uniq_natasha

Skill      XL: |  1  2  3 |
---------------+----------+-----
Armour         | 1 |  1.6
Ice Magic      | 5 |  5.1
Fighting       | |  0.2
Dodging        | |  1.9
Stealth        | |  2.3
Spellcasting   | |  2.9

Action                   |  1- 3 |  4- 6 || total
-------------------------+-------+-------++-------
Melee: Unarmed           |    14 |       ||    14
       Staff             |     6 |     6 ||    12
 Cast: Freeze            |    37 |    26 ||    63
       Frozen Ramparts   |       |     1 ||     1
       Ozocubu's Armour  |       |     1 ||     1
Armor: Robe              |     5 |       ||     5
       Leather armour    |     5 |    14 ||    19
Dodge: Dodged            |    30 |     9 ||    39

Table legend: (Time is in decaauts)
 A = Elapsed time spent in this place.
 B = Non-inter-level travel time spent in this place.
 C = Inter-level travel time spent in this place.
 D = Time resting spent in this place.
 E = Time spent auto-exploring this place.
 F = Levels seen in this place.
 G = Mean time per level.
                   A        B        C        D        E       F      G
               +--------+--------+--------+--------+--------+-----+--------+
         Total |   2086 |   2019 |     67 |     79 |   1630 |   3 |  695.3 |
       Dungeon |   2086 |   2019 |     67 |     79 |   1630 |   3 |  695.3 |
               +--------+--------+--------+--------+--------+-----+--------+

Top non-repeatable levels by time:
     D:2: 994 daAuts
     D:1: 819 daAuts
     D:3: 271 daAuts
